AoeStats
← lex.18.1985gs

MegaRandom

510621111Analyzed
2v2 RM · 23h ago on Oct 1, 2026· 76m 27s· 4 players
Game mode
Random Map
Map size
Medium (4 player)
Population
200
Speed
Normal
Resources
Standard
Victory
Conquest
Starting age
Dark Age
Ending age
Imperial Age
RankedLock teamsTeams togetherTeam positionsShared explorationLock speedFull tech treeHidden civsTurbo modeCheats
Victory
Defeat
🇲🇽 Cumans · Mexico
384
+16
🇲🇽 Romans · Mexico
369
+16
🇪🇸 Inca · Spain
411
-17
🇦🇷 Turks · Argentina
360
-15
lex.18.1985gs
14:32 Feudal Age
16:24 Double-Bit Axe
17:42 Wheelbarrow
17:49 Horse Collar
24:17 Bloodlines
RaGnAr
15:15 Feudal Age
27:37 Castle Age
30:32 Pikeman
32:10 Horse Collar
32:25 Double-Bit Axe
50:55 Imperial Age
57:04 Onager
57:57 Heavy Plow
58:10 Bow Saw
57:54 Gold Mining
59:21 Halberdier
63:52 Squires
64:30 Heavy Scorpion
71:59 Chemistry
JULLS
14:44 Feudal Age
24:14 Bloodlines
25:23 Man-at-Arms
34:14 Castle Age
34:57 Horse Collar
35:05 Double-Bit Axe
36:37 Bow Saw
37:07 Light Cavalry
41:24 Gold Mining
41:39 Heavy Plow
41:47 Scale Barding Armor
41:54 Forging
41:45 Capped Ram
50:47 Steppe Husbandry
51:55 Chain Barding Armor
52:11 Iron Casting
54:15 Imperial Age
52:51 Murder Holes
53:17 Ballistics
55:15 Elite Steppe Lancer
60:55 Herbal Medicine
62:48 Plate Barding Armor
63:14 Blast Furnace
64:12 Gold Shaft Mining
64:37 Crop Rotation
64:31 Siege Ram
71:57 Wheelbarrow
72:03 Wheelbarrow
71:17 Loom
74:44 Hussar
PIJAGORDA
14:59 Feudal Age
15:16 Man-at-Arms
16:25 Double-Bit Axe
23:43 Castle Age
22:38 Scale Mail Armor
24:04 Long Swordsman
26:11 Chain Mail Armor
25:49 Long Swordsman
44:43 Imperial Age
44:55 Caravan
45:28 Coinage
46:45 Legionary
52:03 Fletching
53:51 Wheelbarrow
53:33 Bow Saw
53:10 Horse Collar
53:53 Bodkin Arrow
58:16 Squires
58:46 Guilds
60:02 Forging
59:53 Padded Archer Armor
65:13 Iron Casting
66:37 Comitatenses
67:49 Conscription
70:10 Hand Cart
Connection lost

Rejoining the realm…

Still unreachable

The connection could not be restored.

Session expired

The server has moved on; the page needs a fresh start.